 Dungeon Crawl Stone Soup version 0.29.0-4-gdea44cf6ec (webtiles) character file.

Game seed: 16754350471193361805

1757 qw the Grappler (level 8, -6/75 HPs)
             Began as a Troll Cinder Acolyte on Sept 3, 2022.
             Was a Believer of Ignis.
             Mangled by an ogre
             ... wielding a +0 giant club
              (9 damage)
             ... on level 7 of the Dungeon.
             The game lasted 00:03:23 (6171 turns).

qw the Grappler (Troll Cinder Acolyte)              Turns: 6171, Time: 00:03:24

Health: -6/75      AC: 11    Str: 28    XL:     8   Next: 79%
Magic:  8/8        EV:  8    Int:  8    God:    Ignis [**....]
Gold:   164        SH:  8    Dex:  8    Spells: 9/9 levels left

rFire   + . .      SeeInvis .     - Unarmed
rCold   + . .      Faith    .   e - +0 kite shield
rNeg    + . .      Spirit   .   g - +0 robe {Will+}
rPois   .          Reflect  .   (helmet restricted)
rElec   .          Harm     .   (no cloak)
rCorr   .          Rampage  .   (gloves unavailable)
Will    +....                   (boots unavailable)
Stlth   +.........              (no amulet)
HPRegen 1.02/turn               f - ring of protection from cold
MPRegen 0.11/turn               l - ring of positive energy

@: lethally poisoned (-6 -> -7), about to teleport, fiery-armoured, slowed, very
slow
A: large, unfitting armour, claws 3, regeneration 1, shaggy fur 1, tough skin 1,
agile 1, strong 1, wild magic 1
a: Renounce Religion, Fiery Armour, Foxfire Swarm, Rising Flame


You were on level 7 of the Dungeon.
You worshipped Ignis.
Ignis was pleased with you.
You visited 1 branch of the dungeon, and saw 7 of its levels.

You collected 525 gold pieces.
You spent 361 gold pieces at shops.


Innate Abilities, Weirdness & Mutations

You are too large for most types of armour.
You have claws for hands.
Your natural rate of healing is unusually fast.
You are covered in fur. (AC +1)
You have tough skin. (AC +1)
You are agile. (Dex +4, Str/Int -1)
Your muscles are strong. (Str +4, Int/Dex -1)
Your spells are a little harder to cast, but a little more powerful.


   Skills:
 - Level 3.0 Fighting
 - Level 2.0 Throwing
 - Level 1.1 Dodging
 - Level 6.0 Shields
 + Level 8.9 Unarmed Combat
 - Level 1.0 Spellcasting
 - Level 2.1 Fire Magic


You had 9 spell levels left.
You didn't know any spells.
Your spell library contained the following spells:

 Spells                   Type           Power      Damage    Failure   Level
 Scorch                   Fire           10%        2d5       54%         2

Inventory:

Armour
 e - a +0 kite shield (worn)
 g - a +0 robe of willpower (worn)
 k - a +2 robe of the Archmagi
Jewellery
 c - a ring of fire
 d - a ring of fire
 f - a ring of protection from cold (left claw)
 l - a ring of positive energy (right claw)
Scrolls
 b - a scroll of teleportation
 j - a scroll of enchant weapon
 m - a scroll of identify
Potions
 a - 2 potions of curing
 h - a potion of mutation
 i - a potion of heal wounds
 p - a potion of lignification {unknown}
 q - a potion of brilliance {unknown}
 r - a potion of cancellation {unknown}

Dungeon Overview and Level Annotations

Branches:
Dungeon (7/15)             Temple (0/1) D:5

Altars:
Fedhas
Hepliaklqana

Shops:
D:4 =   D:5 =   D:6 ==!

Annotations:
D:5 1 runed translucent door, qw's ghost, novice TrCA


Message History

The hornet stings you.
You feel as though you will be slow longer.
You can move again.
You barely miss the hornet.
The hornet is heavily wounded.
You block the hornet's attack. The hornet closely misses you.
You scratch the hornet.
The hornet is heavily wounded.
The hornet barely misses you. The hornet stings you.
You are poisoned.
You feel as though you will be slow longer.
You miss the hornet.
The hornet is heavily wounded.
You feel very sick. The hornet stings you.
You suddenly lose the ability to move!
The hornet stings you.
You feel as though you will be slow longer.
You feel sick. The hornet stings you.
You feel as though you will be slow longer.
The hornet stings you!
You feel as though you will be slow longer.
You can move again.
6170 ||| INVOKING Fiery Armour.
A protective cloak of flame settles atop you.
You feel sick.
The hornet stings you but does no damage.
The hornet is burned by your cloak of flames.
The hornet is heavily wounded.
The ogre hits you with a +0 giant club!
The ogre is burned by your cloak of flames.
The ogre is lightly wounded.
The hornet stings you!
You feel as though you will be slow longer.
6171 ||| READING 2 scrolls of teleportation.
As you read the scroll of teleportation, it crumbles to dust.
You feel strangely unstable.
You feel sick.
The hornet stings you but does no damage.
The ogre hits you with a +0 giant club!
You die...

#..............
...........##..
#.....(.....#
#.........#....
#.....##.##.... .
......#..# ....#
......#))####....
........)#....#
.........@y...#
#.#.....##O....[.
#....## .###...
...... ## #
....... ...##..
.# ##


You could see a hornet and an ogre.

Vanquished Creatures
  A steam dragon (D:6)
  A water moccasin (D:6)
  An ice beast (D:6)
  A kobold brigand (D:6)
  4 scorpions
  A necrophage (D:6)
  3 wights (D:7)
  4 electric eels (D:6)
  A howler monkey (D:5)
  An orc priest (D:6)
  A gnoll bouda (D:6)
  4 hounds
  A jelly (D:5)
  Jessica (D:2)
  3 iguanas
  3 orc wizards
  Robin (D:2)
  9 gnolls (D:6)
  7 adders
  An ufetubus (D:5)
  A worm (D:2)
  2 dart slugs
  22 orcs
  6 ball pythons
  2 endoplasms
  3 giant cockroaches
  12 goblins
  15 hobgoblins
  6 jackals
  6 quokkas
  2 bats
  8 frilled lizards
  34 kobolds
  10 rats
178 creatures vanquished.

Notes
Turn   | Place    | Note
-------+----------+-------------------------------------------
     0 | D:1      | qw the Troll Cinder Acolyte began the quest for the Orb.
     0 | D:1      | Reached XP level 1. HP: 22/22 MP: 1/1
     0 | D:1      | 0 ||| qw: Version: 0.1-a-102-g441f92d
     0 | D:1      | 0 ||| qw: Game counter: 5185
     0 | D:1      | 0 ||| qw: Always use a shield: true
     0 | D:1      | 0 ||| qw: God list: Okawaru
     0 | D:1      | 0 ||| qw: Allow faded altars: false
     0 | D:1      | 0 ||| qw: Do Orc after D:15 true
     0 | D:1      | 0 ||| qw: Do second Lair branch before Depths: true
     0 | D:1      | 0 ||| qw: Lair rune preference: random
     0 | D:1      | 0 ||| qw: Plans: Normal
     0 | D:1      | 0 ||| PLANNING D:1-11
    79 | D:1      | 79 ||| Stepping ~*~*~tactically~*~*~ (outnumbered).
    80 | D:1      | 80 ||| Stepping ~*~*~tactically~*~*~ (outnumbered).
   109 | D:1      | Reached XP level 2. HP: 29/29 MP: 2/2
   166 | D:1      | 166 ||| Stepping ~*~*~tactically~*~*~ (outnumbered).
   205 | D:1      | 205 ||| Stepping ~*~*~tactically~*~*~ (outnumbered).
   206 | D:1      | 206 ||| Stepping ~*~*~tactically~*~*~ (outnumbered).
   207 | D:1      | 207 ||| Stepping ~*~*~tactically~*~*~ (outnumbered).
   232 | D:1      | 232 ||| Stepping ~*~*~tactically~*~*~ (stealth).
   233 | D:1      | 233 ||| Stepping ~*~*~tactically~*~*~ (stealth).
   238 | D:1      | Reached skill level 4 in Unarmed Combat
   245 | D:1      | 245 ||| Stepping ~*~*~tactically~*~*~ (stealth).
   302 | D:1      | 302 ||| Stepping ~*~*~tactically~*~*~ (stealth).
   686 | D:1      | 686 ||| Stepping ~*~*~tactically~*~*~ (stealth).
   692 | D:1      | Reached XP level 3. HP: 36/36 MP: 3/3
   953 | D:1      | 953 ||| UPGRADING to +0 kite shield.
   958 | D:1      | 958 ||| READING scroll labelled UCLUERPH OPLIA.
   959 | D:1      | 959 ||| READING scroll labelled NYUVOY CISCHYHE.
   960 | D:1      | 960 ||| READING scroll labelled WAFIAB MEAGOE.
   961 | D:1      | 961 ||| DRINKING 2 fuming yellow potions.
  1062 | D:1      | 1062 ||| DROPPING potion of ambrosia.
  1191 | D:2      | 1191 ||| INVOKING Fiery Armour.
  1194 | D:2      | Reached skill level 1 in Shields
  1288 | D:2      | Noticed Jessica
  1293 | D:2      | 1293 ||| Stepping ~*~*~tactically~*~*~ (hiding).
  1300 | D:2      | Killed Jessica
  1301 | D:2      | Reached XP level 4. HP: 35/44 MP: 4/4
  1434 | D:2      | 1434 ||| Stepping ~*~*~tactically~*~*~ (stealth).
  1485 | D:2      | Found a blossoming altar of Fedhas.
  1495 | D:2      | Noticed Robin
  1498 | D:2      | 1498 ||| INVOKING Fiery Armour.
  1509 | D:2      | Killed Robin
  1869 | D:2      | 1869 ||| UPGRADING to +0 robe of willpower.
  1879 | D:2      | 1879 ||| DROPPING +0 robe.
  1880 | D:2      | 1880 ||| UPGRADING to ring of protection from cold.
  1881 | D:2      | 1881 ||| DROPPING ring of flight.
  1882 | D:2      | 1882 ||| READING scroll labelled YGISKENOAMM.
  1883 | D:2      | 1883 ||| READING scroll labelled ZAMAOX CAALL.
  1884 | D:2      | 1884 ||| READING scroll labelled DEUCVI JYVYR.
  1885 | D:2      | 1885 ||| READING scroll labelled CIYNOC BUIVVE.
  1886 | D:2      | 1886 ||| Stepping randomly (stuck).
  1887 | D:2      | 1887 ||| Stepping randomly (stuck).
  1888 | D:2      | 1888 ||| Stepping randomly (stuck).
  1889 | D:2      | 1889 ||| Stepping randomly (stuck).
  1890 | D:2      | 1890 ||| Stepping randomly (stuck).
  1891 | D:2      | 1891 ||| Stepping randomly (stuck).
  1979 | D:3      | Found a faded altar of an unknown god.
  2029 | D:3      | 2029 ||| Stepping ~*~*~tactically~*~*~ (stealth).
  2047 | D:3      | Reached skill level 3 in Shields
  2047 | D:3      | Reached XP level 5. HP: 47/50 MP: 5/5
  2546 | D:3      | 2546 ||| READING 2 scrolls labelled ADAPSYATIBUI.
  2547 | D:3      | 2547 ||| DROPPING scroll of blinking.
  2709 | D:4      | Found Zaullaf's Jewellery Shop.
  2748 | D:4      | 2748 ||| SHOPLISTING +6 ring of dexterity (396 gold, have
                  | 218).
  2748 | D:4      | 2748 ||| SHOPLISTING amulet of regeneration (330 gold, have
                  | 218).
  2748 | D:4      | 2748 ||| SHOPLISTING ring of fire (275 gold, have 218).
  2748 | D:4      | 2748 ||| SHOPLISTING ring of protection from fire (275
                  | gold, have 218).
  2748 | D:4      | 2748 ||| SHOPLISTING ring of willpower (275 gold, have
                  | 218).
  2841 | D:4      | Identified the +5 rapier "Puejief" {speed, Contam *Rage
                  | Str+7 Int+4}
  3356 | D:4      | 3356 ||| READING scroll labelled SOCAAD CUNOEWUO.
  3359 | D:4      | 3359 ||| READING scroll labelled BUKLYNT AHUO.
  3360 | D:4      | 3360 ||| READING scroll labelled GINOOKK ACIJEEJ.
  3461 | D:4      | 3461 ||| READING 2 scrolls of identify.
  3461 | D:4      | 3461 ||| IDENTIFYING white potion
  3480 | D:5      | Entered Level 5 of the Dungeon
  3487 | D:5      | Reached XP level 6. HP: 59/59 MP: 6/6
  3549 | D:5      | Found Xeompoick's Jewellery Shoppe.
  3557 | D:5      | 3557 ||| SHOPLISTING +4 ring of evasion (540 gold, have
                  | 318).
  3557 | D:5      | 3557 ||| SHOPLISTING +4 ring of protection (540 gold, have
                  | 318).
  3557 | D:5      | 3557 ||| SHOPLISTING +6 ring of dexterity (540 gold, have
                  | 318).
  3557 | D:5      | 3557 ||| SHOPLISTING +6 ring of strength (540 gold, have
                  | 318).
  3557 | D:5      | 3557 ||| SHOPLISTING amulet of reflection (450 gold, have
                  | 318).
  3570 | D:5      | Found a staircase to the Ecumenical Temple.
  3651 | D:5      | Identified the +1 leather armour of the Boiling Point
                  | {Drain rElec Int+6}
  3679 | D:5      | 3679 ||| Stepping ~*~*~tactically~*~*~ (hiding).
  3684 | D:5      | 3684 ||| Stepping ~*~*~tactically~*~*~ (outnumbered).
  3686 | D:5      | 3686 ||| Stepping ~*~*~tactically~*~*~ (outnumbered).
  3688 | D:5      | 3688 ||| Stepping ~*~*~tactically~*~*~ (outnumbered).
  3689 | D:5      | 3689 ||| Stepping ~*~*~tactically~*~*~ (outnumbered).
  3690 | D:5      | 3690 ||| Stepping ~*~*~tactically~*~*~ (outnumbered).
  3739 | D:5      | Reached skill level 5 in Unarmed Combat
  3760 | D:5      | 3760 ||| Stepping ~*~*~tactically~*~*~ (hiding).
  3761 | D:5      | 3761 ||| Stepping ~*~*~tactically~*~*~ (hiding).
  3765 | D:5      | 3765 ||| INVOKING Fiery Armour.
  3766 | D:5      | HP: 14/59 [orc/+0 short sword (4)]
  3767 | D:5      | 3767 ||| READING scroll of teleportation.
  4082 | D:5      | 4082 ||| Stepping ~*~*~tactically~*~*~ (stealth).
  4083 | D:5      | 4083 ||| STAIRDANCE
  4087 | D:4      | 4087 ||| READING 2 scrolls of identify.
  4087 | D:4      | 4087 ||| IDENTIFYING brown potion
  4088 | D:4      | 4088 ||| DROPPING potion of degeneration.
  4095 | D:5      | 4095 ||| STAIRDANCE
  4104 | D:5      | 4104 ||| Stepping ~*~*~tactically~*~*~ (stealth).
  4233 | D:5      | Reached XP level 7. HP: 64/66 MP: 7/7
  4272 | D:5      | Found a runed translucent door.
  4273 | D:5      | Noticed qw's ghost (novice TrCA)
  4471 | D:5      | 4471 ||| READING scroll labelled ADDIAF DAYT.
  4505 | D:6      | Found Ulalie's Jewellery Shoppe.
  4508 | D:6      | 4508 ||| SHOPLISTING +4 ring of protection (468 gold, have
                  | 376).
  4508 | D:6      | 4508 ||| SHOPLISTING amulet of regeneration (390 gold, have
                  | 376).
  4508 | D:6      | 4508 ||| SHOPLISTING ring of Sif Muna's Respect {rElec
                  | Int+6} (650 gold, have 376).
  4508 | D:6      | 4508 ||| BUYING ring of fire (325 gold).
  4508 | D:6      | Bought a ring of fire for 325 gold pieces
  4508 | D:6      | 4508 ||| SHOPLISTING ring of positive energy (260 gold,
                  | have 51).
  4508 | D:6      | 4508 ||| SHOPLISTING ring of protection from cold (325
                  | gold, have 51).
  4508 | D:6      | 4508 ||| SHOPLISTING ring of see invisible (195 gold, have
                  | 51).
  4547 | D:6      | Noticed a steam dragon
  4548 | D:6      | 4548 ||| INVOKING Fiery Armour.
  4549 | D:6      | 4549 ||| Stepping ~*~*~tactically~*~*~ (outnumbered).
  4553 | D:6      | 4553 ||| Stepping ~*~*~tactically~*~*~ (outnumbered).
  4559 | D:6      | Killed a steam dragon
  4560 | D:6      | Reached skill level 6 in Unarmed Combat
  4595 | D:6      | Found Heis's Distillery.
  4603 | D:6      | 4603 ||| SHOPLISTING 2 potions of haste (240 gold, have
                  | 57).
  4603 | D:6      | 4603 ||| BUYING potion of curing (36 gold).
  4603 | D:6      | Bought a potion of curing for 36 gold pieces
  4603 | D:6      | 4603 ||| SHOPLISTING potion of curing (36 gold, have 21).
  4669 | D:6      | Found Bonim's Jewellery Shop.
  4677 | D:6      | 4677 ||| SHOPLISTING amulet of guardian spirit (390 gold,
                  | have 21).
  4677 | D:6      | 4677 ||| SHOPLISTING amulet of regeneration (390 gold, have
                  | 21).
  4677 | D:6      | 4677 ||| SHOPLISTING ring "Awuur" {rC- rN+ rCorr Str+3}
                  | (396 gold, have 21).
  4677 | D:6      | 4677 ||| SHOPLISTING ring "Qyhohomog" {rCorr SInv} (405
                  | gold, have 21).
  4677 | D:6      | 4677 ||| SHOPLISTING ring of ice (325 gold, have 21).
  4677 | D:6      | 4677 ||| SHOPLISTING ring of positive energy (260 gold,
                  | have 21).
  4677 | D:6      | 4677 ||| SHOPLISTING ring of resist corrosion (260 gold,
                  | have 21).
  4677 | D:6      | 4677 ||| SHOPLISTING ring of willpower (325 gold, have 21).
  4705 | D:6      | 4705 ||| INVOKING Fiery Armour.
  4707 | D:6      | 4707 ||| Stepping ~*~*~tactically~*~*~ (outnumbered).
  4708 | D:6      | 4708 ||| Stepping ~*~*~tactically~*~*~ (outnumbered).
  4710 | D:6      | 4710 ||| Stepping ~*~*~tactically~*~*~ (outnumbered).
  4716 | D:6      | 4716 ||| Stepping ~*~*~tactically~*~*~ (outnumbered).
  4720 | D:6      | 4720 ||| Stepping ~*~*~tactically~*~*~ (outnumbered).
  4721 | D:6      | 4721 ||| Stepping ~*~*~tactically~*~*~ (outnumbered).
  4723 | D:6      | 4723 ||| Stepping ~*~*~tactically~*~*~ (outnumbered).
  4724 | D:6      | 4724 ||| Stepping ~*~*~tactically~*~*~ (outnumbered).
  4725 | D:6      | 4725 ||| Stepping ~*~*~tactically~*~*~ (outnumbered).
  4732 | D:6      | Reached skill level 7 in Unarmed Combat
  4930 | D:6      | Reached XP level 8. HP: 74/74 MP: 8/8
  5195 | D:6      | 5195 ||| INVOKING Fiery Armour.
  5196 | D:6      | 5196 ||| FLEEEEING.
  5197 | D:6      | 5197 ||| FLEEEEING.
  5198 | D:6      | 5198 ||| FLEEEEING.
  5265 | D:6      | 5265 ||| FLEEEEING.
  5266 | D:6      | 5266 ||| FLEEEEING.
  5267 | D:6      | 5267 ||| FLEEEEING.
  5268 | D:6      | 5268 ||| FLEEEEING.
  5269 | D:6      | 5269 ||| FLEEEEING.
  5270 | D:6      | 5270 ||| FLEEEEING.
  5327 | D:6      | 5327 ||| Stepping ~*~*~tactically~*~*~ (stealth).
  5329 | D:6      | 5329 ||| Stepping ~*~*~tactically~*~*~ (stealth).
  5335 | D:6      | 5335 ||| Stepping ~*~*~tactically~*~*~ (stealth).
  5374 | D:6      | Reached skill level 6 in Shields
  5414 | D:6      | 5414 ||| Stepping ~*~*~tactically~*~*~ (stealth).
  5416 | D:6      | 5416 ||| Stepping ~*~*~tactically~*~*~ (stealth).
  5447 | D:6      | 5447 ||| INVOKING Fiery Armour.
  5449 | D:6      | 5449 ||| FLEEEEING.
  5472 | D:6      | 5472 ||| FLEEEEING.
  5473 | D:6      | 5473 ||| FLEEEEING.
  5474 | D:6      | 5474 ||| FLEEEEING.
  5475 | D:6      | 5475 ||| FLEEEEING.
  5482 | D:6      | 5482 ||| FLEEEEING.
  5483 | D:6      | 5483 ||| FLEEEEING.
  5484 | D:6      | 5484 ||| FLEEEEING.
  5485 | D:6      | 5485 ||| FLEEEEING.
  5486 | D:6      | 5486 ||| FLEEEEING.
  5487 | D:6      | 5487 ||| FLEEEEING.
  5488 | D:6      | 5488 ||| FLEEEEING.
  5541 | D:6      | 5541 ||| Stepping ~*~*~tactically~*~*~ (stealth).
  5568 | D:6      | Reached skill level 8 in Unarmed Combat
  5568 | D:6      | 5568 ||| Stepping ~*~*~tactically~*~*~ (outnumbered).
  5641 | D:6      | 5641 ||| Stepping ~*~*~tactically~*~*~ (outnumbered).
  5642 | D:6      | 5642 ||| Stepping ~*~*~tactically~*~*~ (outnumbered).
  5643 | D:6      | 5643 ||| Stepping ~*~*~tactically~*~*~ (outnumbered).
  5644 | D:6      | 5644 ||| INVOKING Fiery Armour.
  5645 | D:6      | 5645 ||| Stepping ~*~*~tactically~*~*~ (outnumbered).
  5646 | D:6      | 5646 ||| Stepping ~*~*~tactically~*~*~ (outnumbered).
  5647 | D:6      | 5647 ||| Stepping ~*~*~tactically~*~*~ (outnumbered).
  5648 | D:6      | 5648 ||| Stepping ~*~*~tactically~*~*~ (outnumbered).
  5649 | D:6      | 5649 ||| Stepping ~*~*~tactically~*~*~ (outnumbered).
  5650 | D:6      | 5650 ||| Stepping ~*~*~tactically~*~*~ (outnumbered).
  5651 | D:6      | 5651 ||| Stepping ~*~*~tactically~*~*~ (outnumbered).
  5655 | D:6      | 5655 ||| Stepping ~*~*~tactically~*~*~ (outnumbered).
  5663 | D:6      | 5663 ||| Stepping ~*~*~tactically~*~*~ (outnumbered).
  5664 | D:6      | 5664 ||| Stepping ~*~*~tactically~*~*~ (outnumbered).
  5745 | D:6      | 5745 ||| Stepping ~*~*~tactically~*~*~ (stealth).
  5750 | D:6      | 5750 ||| Stepping ~*~*~tactically~*~*~ (hiding).
  5760 | D:6      | Reached skill level 3 in Fighting
  5781 | D:6      | 5781 ||| Stepping ~*~*~tactically~*~*~ (outnumbered).
  5786 | D:6      | 5786 ||| Stepping ~*~*~tactically~*~*~ (outnumbered).
  5787 | D:6      | 5787 ||| Stepping ~*~*~tactically~*~*~ (outnumbered).
  5788 | D:6      | 5788 ||| Stepping ~*~*~tactically~*~*~ (outnumbered).
  5789 | D:6      | 5789 ||| Stepping ~*~*~tactically~*~*~ (outnumbered).
  5790 | D:6      | 5790 ||| Stepping ~*~*~tactically~*~*~ (outnumbered).
  5791 | D:6      | 5791 ||| Stepping ~*~*~tactically~*~*~ (outnumbered).
  5792 | D:6      | 5792 ||| Stepping ~*~*~tactically~*~*~ (outnumbered).
  5794 | D:6      | 5794 ||| Stepping ~*~*~tactically~*~*~ (outnumbered).
  5795 | D:6      | 5795 ||| Stepping ~*~*~tactically~*~*~ (outnumbered).
  5796 | D:6      | 5796 ||| Stepping ~*~*~tactically~*~*~ (outnumbered).
  5797 | D:6      | 5797 ||| Stepping ~*~*~tactically~*~*~ (outnumbered).
  5799 | D:6      | 5799 ||| Stepping ~*~*~tactically~*~*~ (outnumbered).
  6005 | D:6      | 6005 ||| READING scroll labelled NEROMNUMOS.
  6005 | D:6      | Identified a scroll of acquirement
  6005 | D:6      | 6005 ||| ACQUIRING ring of positive energy
  6005 | D:6      | Acquired a ring of positive energy
  6007 | D:6      | 6007 ||| UPGRADING to ring of positive energy.
  6008 | D:6      | 6008 ||| DRINKING 2 murky yellow potions.
  6008 | D:6      | Gained mutation: Your muscles are strong. (Str +4, Int/Dex
                  | -1) [potion of mutation]
  6008 | D:6      | Gained mutation: You are agile. (Dex +4, Str/Int -1)
                  | [potion of mutation]
  6008 | D:6      | Gained mutation: Your spells are a little harder to cast,
                  | but a little more powerful. [potion of mutation]
  6009 | D:6      | 6009 ||| READING 3 scrolls of identify.
  6009 | D:6      | 6009 ||| IDENTIFYING fizzy ruby potion
  6010 | D:6      | 6010 ||| READING 2 scrolls of identify.
  6010 | D:6      | 6010 ||| IDENTIFYING silvery potion
  6011 | D:6      | 6011 ||| DROPPING potion of magic.
  6050 | D:7      | Reached skill level 1 in Dodging
  6066 | D:7      | Found a hazy altar of Hepliaklqana.
  6094 | D:7      | 6094 ||| Stepping ~*~*~tactically~*~*~ (stealth).
  6142 | D:7      | 6142 ||| Stepping ~*~*~tactically~*~*~ (hiding).
  6146 | D:7      | 6146 ||| Stepping ~*~*~tactically~*~*~ (stealth).
  6157 | D:7      | Noticed a hornet
  6158 | D:7      | 6158 ||| Stepping ~*~*~tactically~*~*~ (stealth).
  6163 | D:7      | Paralysed by a hornet for 3 turns
  6168 | D:7      | Paralysed by a hornet for 2 turns
  6170 | D:7      | 6170 ||| INVOKING Fiery Armour.
  6170 | D:7      | HP: 15/75 [ogre/+0 giant club (7)]
  6170 | D:7      | HP: 2/75 [hornet (13)]
  6171 | D:7      | 6171 ||| READING 2 scrolls of teleportation.
  6171 | D:7      | Mangled by an ogre

Levels and vault maps discovered:
D:1:      lightli_arrival_statue_moat, layout_loops_corners
D:2:      layout_loops_ring, basic_altar, chequers_mini_garden, uniq_robin,
          uniq_jessica
D:3:      layout_basic, dreamdust_ecumenical_altar_statues,
          hangedman_abyss_or_decor_lesser_grid
D:4:      layout_cave_pods, serial_shops, shop
D:5:      layout_basic, minmay_temple_entry_wispy, ebering_ghost_sewer_d,
          minmay_shop_enchanted_jewellery, kennysheep_potato
D:6:      minmay_goblin_kobold_castle, layout_layer_cave, serial_shops,
          shop_fountains, shop_fountains, nicolae_shop_advertising_works
          [nicolae_subvault_shop_adworks]
D:7:      layout_cave_pools, mainiacjoe_overflow_catwalk, hex_medium,
          kennysheep_path_1

Skill      XL: |  1  2  3  4  5  6  7  8 |
---------------+-------------------------+-----
Unarmed Combat | 4 5 7 8 |  8.9
Shields        | 2 3 4 5 6 |  6.0
Throwing       | 2 |  2.0
Fighting       | 3 |  3.0
Dodging        | 1 |  1.1
Spellcasting   | |  1.0
Fire Magic     | |  2.1

Action                   |  1- 3 |  4- 6 |  7- 9 || total
-------------------------+-------+-------+-------++-------
Melee: Unarmed           |   100 |   135 |   164 ||   399
Throw: Javelin           |       |    41 |    14 ||    55
       Boomerang         |       |     2 |    34 ||    36
Invok: Fiery Armour      |     1 |     2 |     6 ||     9
  Use: Scroll            |     3 |    11 |     5 ||    19
       Potion            |     1 |       |     1 ||     2
Armor: Robe              |    23 |    24 |    60 ||   107
Dodge: Dodged            |    34 |    25 |    54 ||   113
Block: Kite shield       |     7 |    29 |    61 ||    97

Table legend:
 A = Non-vault XP
 B = Vault XP
 C = Vault XP percentage of total XP
 D = Non-vault monster count
 E = Vault monster count
 F = Vault count percentage of total count
                 A         B        C        D         E       F
            +---------+---------+-------+---------+---------+-------
      Total |    2168 |     343 |  13.7 |     125 |      53 |  29.8
            +---------+---------+-------+---------+---------+-------
        D:1 |      56 |       0 |   0.0 |      37 |       0 |   0.0
        D:2 |      56 |      72 |  56.2 |      17 |      13 |  43.3
        D:3 |      16 |       0 |   0.0 |       4 |       0 |   0.0
        D:4 |     168 |       0 |   0.0 |      13 |       0 |   0.0
        D:5 |     370 |      37 |   9.1 |      19 |       1 |   5.0
        D:6 |    1074 |     234 |  17.9 |      24 |      39 |  61.9
        D:7 |     428 |       0 |   0.0 |      11 |       0 |   0.0
            +---------+---------+-------+---------+---------+-------
